 Dungeon Crawl Stone Soup version 0.22-a0-469-gf26638a (webtiles) character file.

1968436 Salmacis the Slayer (level 26, 286/286 HPs)
             Began as a Minotaur Berserker on June 11, 2018.
             Was an Elder of Trog.
             Escaped with the Orb
             ... and 3 runes on June 12, 2018!
             The game lasted 02:17:32 (51372 turns).

Salmacis the Slayer (Minotaur Berserker)           Turns: 51372, Time: 02:17:33

Health: 286/286    AC: 36    Str: 29      XL:     26   Next: 83%
Magic:  6/6        EV: 22    Int:  3 (5)  God:    Trog [****..]
Gold:   5028       SH: 21    Dex: 17      Spells: 25/25 levels left

rFire    + + +     SeeInvis +   M - +9 broad axe (antimagic)
rCold    + + +     Gourm    .   x - +5 shield {reflect}
rNeg     + . .     Faith    .   n - +1 gold dragon scales
rPois    +         Spirit   .   N - +2 hat
rElec    +         Reflect  +   T - scarf {rC+ rF+}
rCorr    .         Harm     .   O - +2 pair of gloves "Zalineugh" {rElec rF+ rC+}
MR       +....                  t - +2 pair of boots {run}
Stlth    ..........             g - amulet "Kitsem" {rN+ Regen+ Slay+3}
HPRegen  0.97/turn              h - +6 ring of slaying
MPRegen  0.10/turn              b - ring of Butchery {*Corrode *Drain rC+++ Int+3 SInv}

@: quick
A: retaliatory headbutt, beak, horns 2, dopey 1, low mp 1, robust 1, screaming
2, strong 1
0: Orb of Zot
}: 3/15 runes: decaying, silver, gossamer
a: Berserk, Trog's Hand, Brothers in Arms, Renounce Religion


You escaped.
You worshipped Trog.
Trog was greatly pleased with you.
You were not hungry.

You visited 10 branches of the dungeon, and saw 50 of its levels.
You also visited: Trove, Sewer and Ice Cave.

You collected 8577 gold pieces.
You spent 3549 gold pieces at shops.

Inventory:

Hand Weapons
 M - a +9 antimagic broad axe (weapon)
 S - a +1 vampiric broad axe
 U - a +3 broad axe of flaming
Armour
 n - +1 gold dragon scales (worn)
 t - a +2 pair of boots of running (worn)
 x - a +5 shield of reflection (worn)
 N - a +2 hat (worn)
 O - the +2 pair of gloves "Zalineugh" (worn) {rElec rF+ rC+}
   (You acquired it on level 2 of the Lair of Beasts)

   It protects you from fire.
   It protects you from cold.
   It insulates you from electricity.
 T - a scarf of resistance (worn)
Jewellery
 b - the ring of Butchery (right hand) {*Corrode *Drain rC+++ Int+3 SInv}
   (You found it on level 5 of the Dungeon)

   [ring of intelligence]

   It affects your intelligence (+3).
   It renders you almost immune to cold.
   It lets you see invisible.
   It may corrode you when you take damage.
   It causes draining when unequipped.
 g - the amulet "Kitsem" (around neck) {rN+ Regen+ Slay+3}
   (You bought it in a shop on level 2 of the Orcish Mines)

   [amulet of regeneration]

   It affects your accuracy and damage with ranged weapons and melee attacks
   (+3).
   It protects you from negative energy.
   It increases your rate of regeneration.
 h - a +6 ring of slaying (left hand)
 D - the ring "Sueram" {+Fly rElec rPois rC+ rN+ Stlth-}
   (You took it off a necromancer on level 5 of the Vaults)

   [ring of positive energy]

   It protects you from cold.
   It insulates you from electricity.
   It protects you from poison.
   It protects you from negative energy.
   It lets you fly.
   It makes you less stealthy.
 K - an uncursed ring of resist corrosion
Wands
 l - a wand of paralysis (37)
 o - a wand of digging (44)
 u - a wand of clouds (7)
 v - a wand of iceblast (46)
 w - a wand of scattershot (3)
 E - a wand of acid (59)
 J - a wand of flame (136)
Scrolls
 d - 33 scrolls of teleportation
 e - a scroll of holy word
 m - 25 scrolls of remove curse
 y - 16 scrolls of identify
 z - 3 scrolls of blinking
 A - 15 scrolls of magic mapping
 C - 7 scrolls of fog
 F - 3 scrolls of brand weapon
 G - 9 scrolls of fear
 R - 2 scrolls of summoning
 X - 4 scrolls of silence
Potions
 a - a potion of invisibility
 f - 11 potions of brilliance
 j - 3 potions of resistance
 k - 8 potions of might
 p - 18 potions of curing
 q - 6 potions of heal wounds
 r - 3 potions of cancellation
 s - 5 potions of flight
 B - 7 potions of mutation
 I - 7 potions of haste
 L - 5 potions of agility
 Y - 2 potions of magic
Miscellaneous
 V - a phantom mirror
Comestibles
 c - 59 rations


   Skills:
 + Level 25.9 Fighting
 - Level 25.0 Axes
 - Level 25.0 Armour
 - Level 25.0 Dodging
 - Level 18.0 Shields


You had 25 spell levels left.
You didn't know any spells.
Your spell library was empty.

Dungeon Overview and Level Annotations

Branches:
Dungeon (15/15)            Temple (0/1) D:6            Lair (6/6) D:10
  Swamp (4/4) Lair:3       Spider (4/4) Lair:4        Slime (0/5) Lair:5
    Orc (2/2) D:9             Elf (3/3) Orc:2        Vaults (5/5) D:14
  Crypt (0/3) Vaults:3     Depths (5/5) D:15           Hell (1/1)
    Zot (5/5) Depths:5
    Dis: Hell:1         Geh: Hell:1         Coc: Hell:1         Tar: Hell:1

Altars:
Ashenzari
Dithmenos
Elyvilon
Hepliaklqana
Kikubaaqudgha
Nemelex Xobeh
Okawaru
Qazlal
Vehumet
Xom
Yredelemnul
The Shining One
Beogh

Shops:
D:6 =   D:8 }   D:11 }   Orc:2 *%*}:   Vaults:3 *   Vaults:4 }   Vaults:5 }
Depths:5 }==

Portals:
Hell: Depths:1 Depths:2 Depths:3 Depths:4 Depths:5
Abyss: Depths:3 Depths:4
Pandemonium: Depths:1 Depths:2 Depths:3 Depths:4
Ziggurat: Depths:4

Annotations:
Elf:2 4 runed doors


Innate Abilities, Weirdness & Mutations

You reflexively headbutt those who attack you in melee.
You have a pair of horns on your head.
You have a beak for a mouth.
You are dopey. (Int -2)
Your magical capacity is low. (-10% MP)
You are robust. (+10% HP)
You sometimes yell uncontrollably at your foes.
Your muscles are strong. (Str +2)


Message History

You closely miss the Orb Guardian. You headbutt the Orb Guardian!!
The Orb Guardian is almost dead.
You block the Orb Guardian's attack.
You closely miss the Orb Guardian.
The Orb Guardian is almost dead.
You block the Orb Guardian's attack.
You slash the Orb Guardian!
You kill the Orb Guardian!
Trog accepts your kill.
You feel your strength returning.
(D) Dungeon (T) Temple (L) Lair (S) Swamp (N) Spider Nest (M) Slime Pits (O) Orcish Mines (E) Elven Halls (V) Vaults (C) Crypt (U) Depths (H) Hell (Z) Zot
Where to? (Enter - D:1, ? - help)
There is a stone staircase leading up here.
You climb upwards.
There is a stone staircase leading down here.
There is a staircase leading out of the dungeon here.
You have escaped!

#.# #.##.########.#####
##.##
#.##.##............
##...##
#.......#####.#####
#..#..# ####.#### #.#
#.###.# ####### #.# #.#
#..#..# ##.....###.#
#.# ##...##
#.#####.##.# #.#
###.#####.8≈8≈8..#.#
##.##
.....##...≈≈≈≈≈.@#.#
#.#.#
###..##.#.8≈8≈8..#.#
##.##
###..##.#.#####.##.###
#.#
#....#..##.....###.#.##
#.#
#.##.#.###########....#
#.#
#.##.#.#.###.###.###.##
#.#
)....#...............#
#.# ###
........)###.###.##..#
#.# #.. #.#.##.###
#.###.##..# #.# #.#


There were no monsters in sight!

Vanquished Creatures
  6 orbs of fire
  Mennas (Vaults:2)
  A juggernaut (Depths:3)
  2 ancient liches (Zot:5)
  Sojobo (Vaults:2)
  Geryon (Hell)
  2 Killer Klowns (Zot:5)
  3 curse toes
  The ghost of Amnesiac the Black Sun, a veteran VSBe of Kikubaaqudgha (Zot:5)
  6 golden dragons
  A bone dragon (Depths:5)
  3 electric golems
  Arachne (Spider:4)
  4 titans
  A pandemonium lord (Zot:1)
  17 tentacled monstrosities
  23 Orb Guardians
  4 liches
  7 quicksilver dragons
  2 deep elf blademasters (Elf:3)
  2 deep elf master archers (Elf:3)
  Gastronok (Lair:3)
  9 sphinxes
  10 shadow dragons
  7 death cobs
  2 thorn hunters
  Kirke (D:14)
  16 storm dragons
  8 tengu reavers
  4 draconian monks
  Roxanne (Swamp:2)
  A storm dragon (shapeshifter) (Vaults:5)
  Donald (Vaults:1)
  10 fire giants
  5 draconian knights
  A balrug (Depths:1)
  7 frost giants
  17 vault wardens
  5 ghost moths
  3 iron dragons
  4 deep elf sorcerers
  Aizul (Spider:3)
  A cacodemon (Hell)
  Louise (Spider:1)
  6 deep elf elementalists
  4 emperor scorpions
  4 draconian stormcallers
  7 draconian shifters
  2 draconian scorchers (Zot:2)
  A war gargoyle (Vaults:5)
  21 stone giants
  3 draconian annihilators
  2 spriggan defenders
  A caustic shrike skeleton (Depths:3)
  16 very ugly things
  9 green draconians
  13 ironheart preservers
  6 entropy weavers
  2 vampire knights
  5 black draconians
  12 red draconians
  2 deep elf annihilators (Elf:3)
  2 spark wasps
  5 deep elf demonologists
  Azrael (Spider:3)
  10 yellow draconians
  9 purple draconians
  5 white draconians
  The ghost of protoss039 the Fighter, a journeyman DrTm of Vehumet (D:12)
  9 deep elf death magi
  16 fire dragons
  5 deep elf high priests
  A blizzard demon (D:9)
  9 ettins
  Josephine (D:11)
  A green death (Zot:1)
  4 great orbs of eyes
  12 ogre magi
  13 yaktaur captains
  Erolcha (D:13)
  4 rakshasas
  28 slime creatures
  17 hydras
  A hell beast (Depths:1)
  10 ice dragons
  35 vault guards
  3 spriggan air magi
  3 death knights
  A ghost crab (Swamp:3)
  7 centaur warriors
  8 deep troll shamans
  3 tengu warriors
  31 two-headed ogres
  14 dancing weapons
  6 death yaks
  12 alligators
  A queen ant (shapeshifter) (Vaults:5)
  4 orc high priests
  A queen ant (Spider:1)
  A titan zombie (Hell)
  11 deep troll earth magi
  3 spriggan berserkers
  A shock serpent (shapeshifter) (Vaults:1)
  3 small abominations
  Sonja (D:13)
  16 deep elf knights
  2 sun demons
  Nergalle (Orc:1)
  2 fire crabs (Swamp:4)
  2 sixfirhies (Hell)
  A hell knight (Vaults:5)
  2 iron trolls
  29 deep trolls
  8 skeletal warriors
  A shadow wraith (Vaults:3)
  A storm dragon skeleton (Vaults:2)
  6 flayed ghosts
  2 large abominations (Vaults:5)
  5 unseen horrors
  4 glowing orange brains
  A shadow demon (Depths:3)
  A death drake (Zot:2)
  A gelid demonspawn (Depths:3)
  2 wizards
  19 ironbrand convokers
  2 spriggan druids
  A glowing orange brain (shapeshifter) (Vaults:5)
  2 shambling mangroves (Swamp:3)
  2 lindwurms
  14 swamp dragons
  A lindwurm (shapeshifter) (Vaults:1)
  An orange crystal statue (Depths:4)
  A harpy (shapeshifter) (Vaults:3)
  An iron dragon zombie (Depths:2)
  12 orc knights
  6 necromancers
  16 deep elf archers
  6 phantasmal warriors
  5 orc sorcerers
  A shadow dragon skeleton (Depths:3)
  4 oklob plants (Lair:6)
  19 orb spiders
  A salamander (Depths:5)
  36 wolf spiders
  A faun (shapeshifter) (Depths:2)
  7 cyclopes
  59 deep elf magi
  A manticore (shapeshifter) (Depths:5)
  A salamander (shapeshifter) (Depths:4)
  57 ugly things
  23 moths of wrath
  A moth of wrath (shapeshifter) (Vaults:5)
  17 elephants
  3 rust devils
  A human skeleton (Vaults:1)
  8 black mambas
  15 vault sentinels
  A gargoyle (D:13)
  5 centaur zombies
  Maurice (D:11)
  A torpor snail (Spider:4)
  2 orange demons
  A frost giant skeleton (Depths:2)
  A stone giant skeleton (Depths:2)
  A smoke demon (Depths:1)
  3 elf zombies
  A black mamba (shapeshifter) (Depths:4)
  2 molten gargoyles (Lair:6)
  An ice statue (IceCv)
  An eye of devastation (shapeshifter) (Vaults:5)
  20 spiny frogs
  5 spectral swamp worms (Depths:5)
  Psyche (D:11)
  4 rime drakes
  6 freezing wraiths
  2 yaktaur zombies
  A komodo dragon (shapeshifter) (Vaults:3)
  15 komodo dragons
  28 yaktaurs
  A yaktaur (shapeshifter) (Elf:3)
  14 demonic crawlers
  An entropy weaver simulacrum (Vaults:2)
  2 tormentors
  A guardian mummy (D:15)
  An ice devil (Depths:3)
  2 red devils
  A tengu conjurer (Depths:3)
  A minotaur skeleton (Hell)
  2 hellwings
  20 polar bears (IceCv)
  7 trolls
  28 jumping spiders
  A meliai (D:13)
  22 hornets
  A sphinx simulacrum (Depths:1)
  2 polar bears (shapeshifter)
  A tengu simulacrum (Depths:3)
  A jumping spider (shapeshifter) (Vaults:5)
  23 tyrant leeches
  Grinder (D:5)
  5 bog bodies
  An ettin zombie (D:15)
  9 hippogriffs
  18 blink frogs
  An ice dragon zombie (Hell)
  2 spriggan zombies
  A fire dragon zombie (D:15)
  2 shadows
  A tarantella (shapeshifter) (Vaults:1)
  A spriggan skeleton (Depths:2)
  12 wraiths
  38 tarantellas
  68 redbacks
  6 water elementals
  2 air elementals (Elf:2)
  2 spriggans (shapeshifter)
  6 spriggans
  A ynoxinul (Depths:3)
  31 yaks
  5 basilisks
  An elf simulacrum (Vaults:5)
  Grum (Lair:1)
  7 wyverns
  4 steam dragons
  8 fire elementals
  3 hogs (D:14)
  2 basilisks (shapeshifter)
  3 hungry ghosts
  A neqoxec (Zot:1)
  A yak (shapeshifter) (Vaults:5)
  36 vampire mosquitoes
  A chaos spawn (Zot:1)
  7 wargs
  11 swamp worms
  5 acid dragons
  16 insubstantial wisps
  2 tengu zombies
  4 soldier ants
  10 water moccasins
  12 hell hounds
  2 soldier ants (shapeshifter) (Vaults:3)
  4 porcupines
  A sky beast (shapeshifter) (Vaults:1)
  3 ice beasts
  33 orc warriors
  16 swamp drakes
  2 black bears
  The ghost of PeterLawrence the Skirmisher, an amateur MiFi (D:4)
  A phantom (D:5)
  2 sky beasts
  An eye of draining (D:15)
  29 ogres
  An eye of draining (shapeshifter) (Elf:1)
  An orc zombie (Vaults:1)
  An ettin simulacrum (Vaults:1)
  30 wolves
  11 boggarts
  21 centaurs
  11 crocodiles
  5 big kobolds
  3 human zombies
  18 bullfrogs
  4 earth elementals
  A wyvern zombie (D:10)
  A water moccasin zombie (D:12)
  5 killer bees (D:11)
  9 scorpions
  7 wights
  9 howler monkeys
  An electric eel (Lair:3)
  7 lava snakes
  2 bullfrog zombies
  12 crimson imps
  3 quasits
  3 centaur skeletons
  5 hounds
  28 orc priests
  Crazy Yiuf (D:3)
  2 iron imps (Depths:3)
  19 jellies
  32 orc wizards
  6 bullfrog skeletons
  3 iguanas
  15 worker ants
  2 hound skeletons
  2 worker ant zombies
  Robin (D:4)
  8 gnolls
  10 adders
  A howler monkey skeleton (D:4)
  A river rat (Sewer)
  5 shadow imps
  5 oozes
  3 ufetubi
  An adder zombie (D:5)
  8 worms
  3 dart slugs
  8 leopard geckos
  105 orcs
  5 ball pythons
  7 giant cockroaches
  14 goblins
  10 hobgoblins
  8 jackals
  10 quokkas
  8 bats
  6 frilled lizards
  A jackal zombie (D:6)
  18 kobolds
  2 leopard gecko skeletons
  10 rats
  8 briar patches
  6 crawling corpses
  A fire vortex (Lair:2)
  2 fungi
  9 plants
2309 creatures vanquished.

Vanquished Creatures (collateral kills)
  A large abomination (Vaults:5)
  A deep elf sorcerer (Elf:3)
  A deep elf elementalist (Elf:3)
  A very ugly thing (Vaults:5)
  A deep elf demonologist (Depths:3)
  A yellow draconian (Zot:3)
  An ettin (Vaults:5)
  2 deep elf death magi
  The ghost of Laiders72 the Shield-Bearer, a novice DDFi (D:6)
  A deep elf archer (Elf:3)
  An orc sorcerer (Orc:2)
  2 orb spiders (Spider:4)
  An orc knight (Orc:2)
  A moth of wrath (Zot:3)
  2 red devils (Depths:1)
  2 jumping spiders (Spider:4)
  A tarantella (Spider:4)
  2 redbacks (Spider:4)
  4 orc warriors
  An orc wizard (Orc:2)
  An orc priest (D:6)
  An adder (D:6)
  An orc (D:6)
  A giant cockroach (D:6)
  2 crawling corpses (Elf:3)
34 creatures vanquished.

Vanquished Creatures (others)
  A draconian monk (Zot:2)
  A tengu reaver (Vaults:2)
  A draconian knight (Zot:5)
  A stone giant (Vaults:5)
  2 yaktaur captains (Depths:3)
  A hydra (Swamp:4)
  A centaur warrior (Depths:3)
  An alligator (Swamp:3)
  A deep elf knight (Elf:3)
  A swamp dragon (Swamp:4)
  A deep elf archer (Vaults:2)
  A necromancer (Vaults:2)
  A frost giant skeleton (Depths:3)
  A deep elf mage (Elf:1)
  14 yaktaurs
  3 humans (D:14)
  2 swamp drakes (Swamp:4)
  An orc warrior (Vaults:5)
  2 boggarts
  An ogre (Vaults:4)
  A howler monkey (D:14)
  An orc (Vaults:5)
  A briar patch (Swamp:2)
  8 fungi
  22 plants
  A withered plant (D:15)
72 creatures vanquished.

Grand Total: 2415 creatures vanquished

Notes
Turn   | Place    | Note
-------+----------+-------------------------------------------
     0 | D:1      | Salmacis the Minotaur Berserker began the quest for the Orb.
     0 | D:1      | Reached XP level 1. HP: 19/19 MP: 0/0
   169 | D:1      | Reached XP level 2. HP: 25/27 MP: 1/1
   618 | D:2      | Reached XP level 3. HP: 33/33 MP: 2/2
   737 | D:2      | Reached ** piety under Trog
   905 | D:2      | Reached XP level 4. HP: 40/40 MP: 3/3
  1355 | D:3      | Found a runed door.
  1359 | D:3      | Noticed Crazy Yiuf
  1362 | D:3      | Killed Crazy Yiuf
  1362 | D:3      | Reached skill level 5 in Axes
  1422 | D:3      | Reached *** piety under Trog
  1442 | D:3      | Reached XP level 5. HP: 47/47 MP: 4/4
  1512 | D:3      | Reached skill level 1 in Shields
  2000 | D:4      | Reached XP level 6. HP: 53/53 MP: 5/5
  2189 | D:4      | Noticed Robin
  2193 | D:4      | Reached **** piety under Trog
  2200 | D:4      | Reached skill level 5 in Fighting
  2201 | D:4      | Killed Robin
  2264 | D:4      | Noticed PeterLawrence's ghost (amateur MiFi)
  2276 | D:4      | Killed PeterLawrence's ghost
  2342 | D:4      | Reached XP level 7. HP: 58/61 MP: 6/6
  2806 | D:4      | Reached ***** piety under Trog
  2859 | D:4      | Found a stormy altar of Qazlal.
  2859 | D:4      | Found a white marble altar of Elyvilon.
  2860 | D:4      | Found a shadowy altar of Dithmenos.
  2937 | D:4      | Reached skill level 5 in Armour
  3155 | D:5      | Entered Level 5 of the Dungeon
  3261 | D:5      | Noticed Grinder
  3261 | D:5      | Paralysed by Grinder for 7 turns
  3274 | D:5      | Killed Grinder
  3274 | D:5      | Reached XP level 8. HP: 70/70 MP: 7/7
  3304 | D:5      | Found a radiant altar of Vehumet.
  3615 | D:5      | Reached skill level 5 in Dodging
  3630 | D:5      | Got a scintillating bronze ring
  3632 | D:5      | Identified the ring of Butchery {*Corrode *Drain rC+++ Int+3 SInv} (You found it on level 5 of the Dungeon)
  4178 | D:6      | Received a gift from Trog
  4215 | D:6      | Noticed Laiders72's ghost (novice DDFi)
  4231 | D:6      | Killed Laiders72's ghost
  4231 | D:6      | Reached skill level 5 in Shields
  4260 | D:6      | Reached XP level 9. HP: 75/78 MP: 8/8
  4471 | D:6      | Found a glowing drain.
  4480 | Sewer    | Entered a sewer
  4834 | Sewer    | Gained mutation: You have a beak for a mouth. [potion of mutation]
  4834 | Sewer    | Gained mutation: You are partially covered in iridescent scales. (AC +2) [potion of mutation]
  4834 | Sewer    | Gained mutation: You are partially covered in molten scales. (AC +2) [potion of mutation]
  4952 | D:6      | Paralysed by an orc for 7 turns
  5041 | D:6      | Found a shimmering altar of Xom.
  5081 | D:6      | Reached skill level 10 in Axes
  5089 | D:6      | Found a hazy altar of Hepliaklqana.
  5114 | D:6      | Found Xaoth's Jewellery Shop.
  5253 | D:6      | Found a staircase to the Ecumenical Temple.
  5267 | D:6      | Found a shattered altar of Ashenzari.
  5853 | D:8      | Noticed a two-headed ogre
  5866 | D:8      | Killed a two-headed ogre
  5866 | D:8      | Reached XP level 10. HP: 81/88 MP: 9/9
  5947 | D:8      | Noticed a two-headed ogre
  5958 | D:8      | Killed a two-headed ogre
  6228 | D:8      | Found Repuescho's Gadget Boutique.
  6795 | D:9      | Got an ancient ring mail
  6796 | D:9      | Identified the +2 ring mail of Vanity {rF+ rCorr} (You found it on level 9 of the Dungeon)
  6953 | D:9      | Found a staircase to the Orcish Mines.
  7339 | D:10     | Entered Level 10 of the Dungeon
  7371 | D:10     | Noticed a two-headed ogre
  7377 | D:10     | Killed a two-headed ogre
  7424 | D:10     | Received a gift from Trog
  7519 | D:10     | Reached XP level 11. HP: 96/97 MP: 10/10
  7592 | D:10     | Found a staircase to the Lair.
  7609 | D:10     | Received a gift from Trog
  7618 | D:10     | Got an iridescent demon whip {god gift}
  7855 | D:11     | Identified the +3 demon whip "Zuakky" {venom, Str+2} (Trog gifted it to you on level 10 of the Dungeon)
  7985 | D:11     | Noticed Josephine
  7993 | D:11     | Killed Josephine
  8016 | D:11     | Noticed a purple ugly thing
  8022 | D:11     | Killed a purple ugly thing
  8111 | D:11     | Noticed a two-headed ogre
  8115 | D:11     | Killed a two-headed ogre
  8115 | D:11     | Reached skill level 10 in Fighting
  8280 | D:11     | Noticed an unseen horror
  8287 | D:11     | Noticed Psyche
  8296 | D:11     | Killed an unseen horror
  8297 | D:11     | Killed Psyche
  8336 | D:11     | Got an aquamarine-encrusted leather armour
  8347 | D:11     | Identified the +1 leather armour of Mididgho {+Fly rCorr MP-9 Str+3} (You found it on level 11 of the Dungeon)
  8376 | D:11     | Reached skill level 10 in Armour
  8382 | D:11     | Reached ****** piety under Trog
  8481 | D:11     | Found Hyuwet's Gadget Emporium.
  8536 | D:11     | Noticed Maurice
  8550 | D:11     | Killed Maurice
  8728 | D:11     | Noticed a white ugly thing
  8741 | D:11     | Killed a white ugly thing
  9327 | D:12     | Noticed a purple ugly thing
  9335 | D:12     | Killed a purple ugly thing
  9335 | D:12     | Reached XP level 12. HP: 108/108 MP: 11/11
  9442 | D:12     | Received a gift from Trog
  9492 | D:12     | Noticed protoss039's ghost (journeyman DrTm)
  9505 | D:12     | Killed protoss039's ghost
  9656 | D:12     | Noticed a two-headed ogre
  9666 | D:12     | Killed a two-headed ogre
  9666 | D:12     | Reached skill level 10 in Shields
  9885 | D:12     | Reached skill level 15 in Axes
 10315 | Lair:1   | Entered Level 1 of the Lair of Beasts
 10410 | Lair:1   | Identified a scroll of acquirement
 10639 | Lair:1   | Noticed Grum
 10652 | Lair:1   | Killed Grum
 10863 | Lair:1   | Noticed an eight-headed hydra
 10869 | Lair:1   | Killed an eight-headed hydra
 11464 | Lair:2   | Got a pair of dazzling gloves
 11475 | Lair:2   | Identified the +2 pair of gloves "Zalineugh" {rElec rF+ rC+} (You acquired it on level 2 of the Lair of Beasts)
 11753 | Lair:2   | Noticed a fire dragon
 11768 | Lair:2   | Killed a fire dragon
 12240 | Lair:3   | Received a gift from Trog
 12257 | Lair:3   | Reached XP level 13. HP: 111/118 MP: 4/12
 12322 | Lair:3   | Found a frozen archway.
 12328 | IceCv    | Entered an ice cave
 12986 | IceCv    | Noticed a frost giant
 12997 | IceCv    | Received a gift from Trog
 13016 | IceCv    | Killed a frost giant
 13204 | IceCv    | Identified the Papyrus of the Snowflakes
 13513 | Lair:3   | Noticed Gastronok
 13527 | Lair:3   | Killed Gastronok
 13706 | Lair:3   | Found a staircase to the Swamp.
 14247 | Lair:4   | Reached XP level 14. HP: 95/129 MP: 4/13
 14759 | Lair:4   | Found a hole to the Spider Nest.
 15017 | Lair:5   | Received a gift from Trog
 15109 | Lair:5   | Found a staircase to the Slime Pits.
 15734 | Lair:5   | Got a polished trident
 15735 | Lair:5   | Identified the +5 trident "Suakhi" {freeze, rC+} (You found it on level 5 of the Lair of Beasts)
 15793 | Lair:6   | Entered Level 6 of the Lair of Beasts
 16231 | Lair:6   | Received a gift from Trog
 16761 | Lair:6   | Found a large runed door.
 16761 | Lair:6   | Found a large runed door.
 17385 | Lair:6   | Received a gift from Trog
 18061 | D:13     | Noticed Erolcha
 18080 | D:13     | Killed Erolcha
 18395 | D:13     | Noticed Sonja
 18415 | D:13     | Killed Sonja
 18415 | D:13     | Reached XP level 15. HP: 114/139 MP: 4/14
 18684 | D:13     | Found a runed door.
 18798 | D:13     | Noticed a tengu reaver
 18813 | D:13     | Killed a tengu reaver
 18853 | D:13     | Got a shimmering scale mail
 18923 | D:14     | Noticed Kirke
 18931 | D:14     | Received a gift from Trog
 18938 | D:14     | Killed Kirke
 18938 | D:14     | Reached skill level 15 in Fighting
 19037 | D:14     | Reached skill level 15 in Armour
 19568 | D:14     | Found a gate to the Vaults.
 19688 | D:15     | Entered Level 15 of the Dungeon
 19912 | D:15     | Identified the +3 scale mail of Suuwuval {rCorr Int+4 Dex+5} (You found it on level 13 of the Dungeon)
 19939 | D:15     | Received a gift from Trog
 19940 | D:15     | Found a staircase to the Depths.
 20616 | Orc:1    | Entered Level 1 of the Orcish Mines
 20624 | Orc:1    | Noticed Nergalle
 20636 | Orc:1    | Killed Nergalle
 20909 | Orc:2    | Entered Level 2 of the Orcish Mines
 20909 | Orc:2    | Found a staircase to the Elven Halls.
 20909 | Orc:2    | Found an iron altar of Okawaru.
 20997 | Orc:2    | Received a gift from Trog
 21234 | Orc:2    | Found Quol's Assorted Antiques.
 21327 | Orc:2    | Bought a scroll of identify for 54 gold pieces
 21362 | Orc:2    | Found a roughly hewn altar of Beogh.
 21467 | Orc:2    | Found Feguoj's Book Shop.
 21485 | Orc:2    | Received a gift from Trog
 21498 | Orc:2    | Found Ceycolaq's General Store.
 21749 | Orc:2    | Bought the amulet "Kitsem" {rN+ Regen+ Slay+3} for 914 gold pieces
 21749 | Orc:2    | Bought a potion of mutation for 136 gold pieces
 21749 | Orc:2    | Bought a scroll of summoning for 161 gold pieces
 21749 | Orc:2    | Bought a scroll of fear for 59 gold pieces
 21749 | Orc:2    | Bought a potion of heal wounds for 85 gold pieces
 21749 | Orc:2    | Bought a scroll of silence for 127 gold pieces
 21775 | Orc:2    | Found Puluxidd's Food Shoppe.
 21777 | Orc:2    | Found Helymoss's Gadget Shop.
 22176 | Spider:1 | Entered Level 1 of the Spider Nest
 22369 | Elf:1    | Entered Level 1 of the Elven Halls
 22377 | Elf:1    | Reached XP level 16. HP: 151/151 MP: 5/15
 22393 | Elf:1    | Reached skill level 10 in Dodging
 22702 | Elf:1    | Reached skill level 15 in Shields
 22743 | Elf:1    | Received a gift from Trog
 23349 | Elf:2    | Found a large runed door.
 23349 | Elf:2    | Found a large runed door.
 23376 | Elf:2    | Found a large runed door.
 23376 | Elf:2    | Found a large runed door.
 23909 | Elf:3    | Entered Level 3 of the Elven Halls
 24475 | Elf:3    | Reached XP level 17. HP: 121/163 MP: 5/16
 24611 | Elf:3    | Noticed a Brimstone Fiend
 24703 | Elf:3    | Noticed an Ice Fiend
 24707 | Elf:3    | Received a gift from Trog
 24740 | Elf:3    | Noticed a deep elf master archer
 24747 | Elf:3    | Killed a deep elf master archer
 24785 | Elf:3    | Got a wavering ivory ring
 24810 | Elf:3    | Identified the ring of Xadunt {+Inv EV+4 Str+4 Int+3 Dex-2} (You took it off a deep elf master archer on level 3 of the Elven Halls)
 24841 | Elf:3    | Noticed an Ice Fiend
 24843 | Elf:3    | Noticed a Brimstone Fiend
 24904 | Elf:3    | Noticed a deep elf blademaster
 24912 | Elf:3    | Killed a deep elf blademaster
 25049 | Elf:3    | Noticed a deep elf blademaster
 25055 | Elf:3    | Noticed a deep elf master archer
 25061 | Elf:3    | Killed a deep elf blademaster
 25073 | Elf:3    | Killed a deep elf master archer
 25127 | Elf:3    | Identified a +2 pair of boots of running (You found it on level 3 of the Elven Halls)
 25905 | Swamp:1  | Entered Level 1 of the Swamp
 25965 | Swamp:1  | Received a gift from Trog
 27052 | Swamp:2  | Noticed Roxanne
 27067 | Swamp:2  | Killed Roxanne
 27072 | Swamp:2  | Identified Roxanne's Handbook of Shape Shifting (You took it off Roxanne on level 2 of the Swamp)
 28061 | Swamp:3  | Received a gift from Trog
 28267 | Swamp:3  | Reached XP level 18. HP: 131/178 MP: 17/17
 28855 | Swamp:4  | Entered Level 4 of the Swamp
 30028 | Swamp:4  | Got a decaying rune of Zot
 30430 | Vaults:1 | Entered Level 1 of the Vaults
 30455 | Vaults:1 | Received a gift from Trog
 31459 | Vaults:1 | Noticed Donald
 31474 | Vaults:1 | Killed Donald
 31639 | Vaults:1 | Reached XP level 19. HP: 183/185 MP: 18/18
 31825 | Vaults:2 | Noticed Mennas
 31856 | Vaults:2 | Killed Mennas
 31908 | Vaults:2 | Noticed Sojobo
 31931 | Vaults:2 | Killed Sojobo
 31976 | Vaults:2 | Received a gift from Trog
 32417 | Vaults:2 | Found a basalt altar of Yredelemnul.
 32617 | Vaults:2 | Received a gift from Trog
 32843 | Vaults:3 | Found Putres's Assorted Antiques.
 33051 | Vaults:3 | Found a staircase to the Crypt.
 33051 | Vaults:3 | Found a basalt altar of Yredelemnul.
 33054 | Vaults:3 | Found an ancient bone altar of Kikubaaqudgha.
 33587 | Vaults:3 | Received a gift from Trog
 33624 | Vaults:3 | Got a shimmering war axe {god gift}
 33626 | Vaults:3 | Identified the +6 war axe of Satyriasis {protect, Dex+3} (Trog gifted it to you on level 3 of the Vaults)
 33892 | Vaults:3 | Got a scorched bone amulet
 33935 | Vaults:3 | Identified the amulet "Hemucis" {Faith rC+ Dex+6} (You found it on level 3 of the Vaults)
 34013 | Vaults:4 | Reached XP level 20. HP: 198/198 MP: 19/19
 34619 | Vaults:4 | Found Archofruc's Gadget Emporium.
 35191 | Vaults:5 | Entered Level 5 of the Vaults
 35209 | Vaults:5 | Received a gift from Trog
 35215 | Vaults:5 | Reached skill level 15 in Dodging
 35495 | Vaults:5 | Reached XP level 21. HP: 136/207 MP: 20/20
 35606 | Vaults:5 | Got a shimmering granite ring
 35615 | Vaults:5 | Identified the ring "Sueram" {+Fly rElec rPois rC+ rN+ Stlth-} (You took it off a necromancer on level 5 of the Vaults)
 35812 | Vaults:5 | Received a gift from Trog
 35858 | Vaults:5 | Got a sparkling iron ring
 35859 | Vaults:5 | Identified the ring of Oskoot {*Corrode rElec Str+5 Stlth+} (You took it off a deep elf death mage on level 5 of the Vaults)
 36017 | Vaults:5 | Got a silver rune of Zot
 36165 | Vaults:5 | Received a gift from Trog
 36380 | Vaults:5 | Got a twitching wooden ring
 36381 | Vaults:5 | Identified the ring "Icuacre" {Ice rPois Slay+5} (You took it off a deep elf high priest on level 5 of the Vaults)
 36610 | Vaults:5 | Found Daicanape's Gadget Emporium.
 37044 | Vaults:5 | Identified the +0 plate armour of the Unstoppable Runes {rC+ rN+ Str+5 Dex-5} (You took it off a vault warden on level 5 of the Vaults)
 37636 | Spider:1 | Noticed Louise
 37663 | Spider:1 | Killed Louise
 37696 | Spider:1 | Identified the +8 large shield of Bad Feelings {rF+ rN++ Int+2 Slay-4} (You took it off Louise on level 1 of the Spider Nest)
 37764 | Spider:1 | Reached XP level 22. HP: 215/215 MP: 21/21
 37864 | Spider:1 | Received a gift from Trog
 38415 | Spider:2 | Received a gift from Trog
 38968 | Spider:3 | Noticed Aizul
 38980 | Spider:3 | Killed Aizul
 38989 | Spider:3 | Noticed Azrael
 39002 | Spider:3 | Killed Azrael
 39562 | Spider:4 | Entered Level 4 of the Spider Nest
 40269 | Spider:4 | Noticed Arachne
 40286 | Spider:4 | Killed Arachne
 40645 | Spider:4 | Received a gift from Trog
 40732 | Spider:4 | Got a gossamer rune of Zot
 41090 | Depths:1 | Entered Level 1 of the Depths
 41104 | Depths:1 | Found a one-way gate leading to the halls of Pandemonium.
 41449 | Depths:1 | Found a gateway to Hell.
 41475 | Depths:1 | Found a portal to a secret trove of treasure.
 41487 | Depths:1 | Found a sparkling altar of Nemelex Xobeh.
 41627 | Hell     | Entered the Vestibule of Hell
 41627 | Hell     | Noticed Geryon
 41647 | Hell     | Killed Geryon
 41652 | Hell     | Gained mutation: You occasionally shout uncontrollably at your foes. [a cacodemon]
 41663 | Hell     | Gained mutation: Your body sometimes deteriorates upon taking damage. [a cacodemon]
 41702 | Depths:1 | You paid a toll of the horn of Geryon to enter a treasure trove
 41703 | Trove    | Entered a treasure trove
 41709 | Trove    | Found the +7 sceptre of Torment
 42274 | Depths:2 | Reached XP level 23. HP: 222/223 MP: 22/22
 42358 | Depths:2 | Found a runed gate.
 42358 | Depths:2 | Found a runed gate.
 42358 | Depths:2 | Found a runed gate.
 42383 | Depths:2 | Received a gift from Trog
 42473 | Depths:2 | Found a runed gate.
 42473 | Depths:2 | Found a runed gate.
 42473 | Depths:2 | Found a runed gate.
 43344 | Depths:3 | Received a gift from Trog
 43376 | Depths:3 | Found a one-way gate to the infinite horrors of the Abyss.
 43453 | Depths:3 | Found a glowing golden altar of the Shining One.
 43982 | Depths:3 | Noticed a juggernaut
 43990 | Depths:3 | Killed a juggernaut
 44255 | Depths:4 | Found a gateway to a ziggurat.
 44599 | Depths:4 | Found a runed door.
 44838 | Depths:4 | Found a runed door.
 44905 | Depths:4 | Received a gift from Trog
 44908 | Depths:4 | Reached XP level 24. HP: 228/231 MP: 7/22
 45189 | Depths:5 | Entered Level 5 of the Depths
 45289 | Depths:5 | Found Atsozeeph's Gadget Shoppe.
 45289 | Depths:5 | Found Viwydeet's Jewellery Shop.
 45290 | Depths:5 | Found Nitida's Jewellery Shop.
 45306 | Depths:5 | Bought a +6 ring of slaying for 2013 gold pieces
 45680 | Depths:5 | Received a gift from Trog
 45832 | Depths:5 | Found a gate to the Realm of Zot.
 46044 | Zot:1    | Entered Level 1 of the Realm of Zot
 47056 | Zot:2    | Received a gift from Trog
 47274 | Zot:2    | Reached XP level 25. HP: 183/243 MP: 7/22
 47846 | Zot:3    | Noticed an orb of fire
 47846 | Zot:3    | Gained mutation: Scrolls take you a little longer to read. [an orb of fire]
 47862 | Zot:3    | Killed an orb of fire
 49097 | Zot:4    | Identified the +1 plate armour of Love and Death {Str+2 Int+4} (You found it on level 4 of the Realm of Zot)
 49195 | Zot:4    | Noticed an orb of fire
 49195 | Zot:4    | Gained mutation: You are dopey. (Int -2) [an orb of fire]
 49206 | Zot:4    | Gained mutation: Your body often deteriorates upon taking damage. [an orb of fire]
 49213 | Zot:4    | Killed an orb of fire
 49489 | Zot:4    | Received a gift from Trog
 49824 | Zot:5    | Entered Level 5 of the Realm of Zot
 49903 | Zot:5    | Noticed Amnesiac's ghost (veteran VSBe)
 49922 | Zot:5    | Killed Amnesiac's ghost
 49980 | Zot:5    | Reached XP level 26. HP: 209/256 MP: 7/22
 50200 | Zot:5    | Noticed an ancient lich
 50211 | Zot:5    | Killed an ancient lich
 50302 | Zot:5    | Noticed an orb of fire
 50314 | Zot:5    | Killed an orb of fire
 50452 | Zot:5    | Noticed an orb of fire
 50454 | Zot:5    | Noticed an orb of fire
 50480 | Zot:5    | Gained mutation: You are very dopey. (Int -4) [an orb of fire]
 50481 | Zot:5    | Gained mutation: You are frail. (-10% HP) [an orb of fire]
 50482 | Zot:5    | Killed an orb of fire
 50491 | Zot:5    | Killed an orb of fire
 50509 | Zot:5    | Lost mutation: You are frail. (-10% HP) [potion of mutation]
 50509 | Zot:5    | Lost mutation: You are partially covered in molten scales. (AC +2) [potion of mutation]
 50509 | Zot:5    | Lost mutation: Scrolls take you a little longer to read. [potion of mutation]
 50509 | Zot:5    | Gained mutation: You are robust. (+10% HP) [potion of mutation]
 50589 | Zot:5    | Noticed an ancient lich
 50603 | Zot:5    | Killed an ancient lich
 50642 | Zot:5    | Received a gift from Trog
 50649 | Zot:5    | Noticed an orb of fire
 50652 | Zot:5    | Gained mutation: Your magical capacity is low. (-10% MP) [an orb of fire]
 50660 | Zot:5    | Killed an orb of fire
 50665 | Zot:5    | Got the Orb of Zot
 50788 | Zot:1    | Noticed Igauschia the pandemonium lord
 50800 | Zot:1    | Killed Igauschia the pandemonium lord
 50883 | Depths:5 | Lost mutation: Your body often deteriorates upon taking damage. [potion of mutation]
 50883 | Depths:5 | Lost mutation: Your body sometimes deteriorates upon taking damage. [potion of mutation]
 50883 | Depths:5 | Lost mutation: You are partially covered in iridescent scales. (AC +2) [potion of mutation]
 50883 | Depths:5 | Gained mutation: You sometimes yell uncontrollably at your foes. [potion of mutation]
 50883 | Depths:5 | Gained mutation: Your muscles are strong. (Str +2) [potion of mutation]
 50883 | Depths:5 | Lost mutation: You are very dopey. (Int -4) [potion of mutation]
 51372 | D:$      | Escaped with the Orb!

Vault maps used:
D:1:      lightli_arrival_statue_moat
D:3:      serial_curves, eino_curves_03, eino_curves_03, eino_curves_01,
          eino_curves_04, kennysheep_boxes, uniq_crazy_yiuf_cottage
D:4:      gammafunk_temple_overflow_forgotten, kennysheep_generic_room_3,
          uniq_robin
D:5:      overflow_temple_1_default, first_ration, minmay_checkerbox,
          uniq_grinder
D:6:      chequers_temple_overflow_statue_of_worship,
          minmay_temple_entry_statues_pillars, serial_shops,
          kennysheep_little_box, portal_sewer_entry_d, xom_teletrap_fun
D:8:      hangedman_cross_stitches, serial_shops, nicolae_shop_behind_doors
D:9:      david_orc_2
D:10:     erik_lair_orcish_takeover
D:11:     serial_shops, nicolae_shop_stone, uniq_josephine, uniq_maurice,
          uniq_psyche
D:12:     serial_glass, glass_columns_a, glass_columns_c, glass_columns_b,
          grunt_pizzeria
D:13:     st_stairs_10, minmay_st_funbox, uniq_erolcha, uniq_sonja
D:14:     david_vaults_5, uniq_kirke
D:15:     gammafunk_depths_entry_grave, minmay_misc_feat_hallway
Lair:1:   wad_woods_02, grunt_megastairs_4, uniq_grum
Lair:2:   dragon1_lemuel
Lair:3:   swamp_mist_pool, portal_ice_cave_rime, serial_bayou_pond_d,
          minivault_27, cheibrodos_lair_caveside_slide, grunt_megastairs_2,
          uniq_gastronok
Lair:4:   spider_nest_entry_web_field, beast_lair_carwin_2, serial_bayou_shore_b
Lair:5:   minmay_slime_entry_jelly_boxes
Lair:6:   cheibrodos_lair_end_hotspot, minmay_stone_trees_small,
          minmay_lair_oklob_chamber
Swamp:1:  hangedman_swamp_ruin_wall, swamp_pool4
Swamp:2:  serial_swamp_ruin, evilmike_swamp_ruin_rubble_2,
          evilmike_swamp_ruin_rubble_1, nicolae_swamp_hydra_murder_den,
          uniq_roxanne
Swamp:3:  evilmike_swamp_ruin_house_1, swamp_pool5
Swamp:4:  swamp_fiery
Spider:1: nicolae_spider_ant_collections, uniq_louise
Spider:3: uniq_azrael, uniq_aizul
Spider:4: spider_rune_water, worms_lemuel, uniq_arachne
Orc:1:    uniq_nergalle
Orc:2:    st_orc_elflike, basic_altar, serial_shops,
          nicolae_shop_overgrown_old_shop, okawaru_metal_pillars_3
Elf:1:    minmay_elf_arrival_circle, minmay_elf_crystal_heptagon,
          lemuel_flamethrower_hall
Elf:3:    elf_hall_gauntlet_wide
Vaults:1: hangedman_vaults_trim, nicolae_vaults_shelves_hall,
          vaults_room_door_hall, v_misc_31, vaults_dpeg_doors, v_rooms_3,
          ontoclasm_vaults_eye, vaults_room_door_hall, nicolae_vaults_meeting,
          uniq_donald
Vaults:2: v_misc_27, nicolae_vaults_little_squares_4, nicolae_vaults_asterisk,
          v_pattern_3, v_misc_3, v_misc_16, nicolae_vaults_theta,
          nicolae_vaults_yaktaur_gun_rack, v_misc_16, basic_altar, uniq_mennas,
          uniq_sojobo
Vaults:3: nicolae_vaults_disjoint_gnomons, hangedman_vaults_snaps,
          nicolae_vaults_network_barrier, nicolae_vaults_network_square,
          v_misc_28, hangedman_vaults_locks, minmay_crypt_entry_necro_gods,
          nicolae_vaults_little_squares_3, grunt_vaults_diagonal,
          ontoclasm_vaults_hangar, vaults_dpeg_diagonal, serial_shops,
          nicolae_shop_statue_plus
Vaults:4: nicolae_vaults_circle_grid_b, v_misc_13, vaults_dpeg_ring,
          serial_shops, shop
Depths:1: grunt_mini_vestibule, grunt_decor_mini_mirrors,
          nicolae_trove_entry_free_sample, pan_entry, grunt_decor_arrowhead,
          nemelex_xobeh_ov_fountains_minmay
Depths:2: kennysheep_treasure_stockpile, hangedman_abyss_or_decor_stabs,
          pan_entry, grunt_hell_entry_dis_grunt, grunt_decor_one_mirror,
          infiniplex_staircase_pool_2
Depths:3: kennysheep_windowed_halls, grunt_pan_entry_sceptre, pf_coc_iceberg,
          tso_metal_star, nicolae_abyss_entry_one_way_or_another,
          minmay_staircase_statues, firewood_loft
Depths:4: thingy_vault_2, enter_ziggurat_b, hell_entry, pan_entry, abyss_entry,
          minmay_misc_feat_cross, infiniplex_staircase_pillars_1
Depths:5: grunt_zot_entry_gee_three, pf_hell_entry_tar_river,
          minmay_misc_feat_iff, minmay_shop_grove
Zot:2:    st_stairs_12, st_large_dragon_hoard_4
Zot:3:    grunt_ministairs_15, basic_stair_grate_trap
Zot:5:    nicolae_zot_crop_circle
Trove:    trove_simple
Sewer:    sewer_co_15_rooms
IceCv:    ice_cave_caverns_03

Skill      XL: |  1  2  3  4  5  6  7  8  9 10 11 12 13 14 15 16 17 18 19 20 21 22 23 24 25 26 |
---------------+-------------------------------------------------------------------------------+-----
Axes           | 4 5 6 7 9 11 12 14 16 17 18 19 20 21 22 23 24 25 | 25.0
Fighting       | 4 5 6 8 9 10 12 13 14 16 18 19 20 21 22 23 24 25 | 25.9
Armour         | 3 4 5 6 7 8 10 11 13 14 15 17 19 21 22 23 24 25 | 25.0
Dodging        | 3 4 5 7 9 10 12 16 18 19 21 22 24 25 | 25.0
Shields        | 1 2 3 5 6 8 9 10 11 13 14 15 16 17 18 | 18.0

Action                   |  1- 3 |  4- 6 |  7- 9 | 10-12 | 13-15 | 16-18 | 19-21 | 22-24 | 25-27 || total
-------------------------+-------+-------+-------+-------+-------+-------+-------+-------+-------++-------
Melee: Hand axe          |    58 |   141 |   367 |   391 |       |       |       |       |       ||   957
       Headbutt          |     9 |    22 |    65 |   112 |   316 |   302 |   313 |   439 |   237 ||  1815
       Peck              |       |       |     8 |   108 |   281 |   282 |   294 |   412 |   219 ||  1604
       Broad axe         |       |       |       |   199 |  1185 |  1189 |  1068 |  1382 |   662 ||  5685
       Demon whip        |       |       |       |       |    21 |       |       |       |       ||    21
Invok: Berserk           |     3 |     7 |    10 |    14 |    16 |     2 |     4 |     2 |     3 ||    61
       Trog's Hand       |       |       |     1 |     1 |     8 |    17 |    19 |    24 |    21 ||    91
       Brothers in Arms  |       |       |     2 |     1 |     1 |     2 |     3 |     3 |     4 ||    16
 Abil: Evoke Flight      |       |       |     1 |       |       |       |       |       |       ||     1
Evoke: Wand              |       |       |       |     3 |       |       |       |     6 |       ||     9
  Use: Scroll            |     5 |     8 |     2 |    12 |    18 |     8 |     8 |    13 |     3 ||    77
       Potion            |       |       |     3 |     4 |       |     9 |     8 |     4 |     8 ||    36
 Stab: Sleeping          |     1 |     1 |       |       |       |       |       |       |       ||     2
       Confused          |       |       |       |       |       |     2 |       |       |       ||     2
       Distracted        |       |       |       |       |       |       |     1 |       |       ||     1
       Held in net/web   |       |       |       |       |       |       |       |     2 |       ||     2
  Eat: Chunk             |     2 |    12 |    15 |    33 |    35 |    22 |    16 |    14 |    18 ||   167
       Ration            |       |       |     2 |     2 |     5 |     5 |     5 |     8 |     2 ||    29
Armor: Animal skin       |     9 |     7 |       |       |       |       |       |       |       ||    16
       Chain mail        |       |    71 |    31 |       |       |       |       |       |       ||   102
       Scale mail        |       |       |    73 |    24 |       |       |       |       |       ||    97
       Plate armour      |       |       |       |   154 |   389 |   285 |   269 |   397 |    31 ||  1525
       Skin              |       |       |       |       |       |       |     2 |       |       ||     2
       Gold dragon scale |       |       |       |       |       |       |       |       |   135 ||   135
Dodge: Dodged            |    47 |    47 |   109 |   126 |   233 |   247 |   357 |   670 |   215 ||  2051
       Deflected         |       |       |       |       |     7 |    27 |    26 |       |       ||    60
Block: Shield            |       |    45 |   152 |   238 |   257 |     9 |   763 |  1246 |   441 ||  3151
       Large shield      |       |       |       |       |   505 |  1135 |       |       |       ||  1640
       Reflection        |       |       |       |       |       |       |    67 |    76 |     2 ||   145

Table legend:
 A = Spawn XP
 B = Non-spawn XP
 C = Spawn XP percentage of total XP
 D = Spawn monster count
 E = Non-spawn monster count
 F = Spawn count percentage of total count
 G = Total turns spent on level
                    A         B        C        D         E        F      G
               +---------+---------+-------+---------+---------+-------+---------
         Total |       0 | 1448555 |   0.0 |       0 |    2316 |   0.0 | 51372
               +---------+---------+-------+---------+---------+-------+---------
           D:1 |       0 |      20 |   0.0 |       0 |      14 |   0.0 |   583
           D:2 |       0 |      91 |   0.0 |       0 |      25 |   0.0 |   553
           D:3 |       0 |     158 |   0.0 |       0 |      29 |   0.0 |   934
           D:4 |       0 |     979 |   0.0 |       0 |      56 |   0.0 |  1196
           D:5 |       0 |    1074 |   0.0 |       0 |      21 |   0.0 |  1002
           D:6 |       0 |    1526 |   0.0 |       0 |      36 |   0.0 |   935
           D:7 |       0 |     823 |   0.0 |       0 |      12 |   0.0 |   385
           D:8 |       0 |    3713 |   0.0 |       0 |      38 |   0.0 |   917
           D:9 |       0 |     630 |   0.0 |       0 |      22 |   0.0 |   849
          D:10 |       0 |    2990 |   0.0 |       0 |      38 |   0.0 |   779
          D:11 |       0 |    7555 |   0.0 |       0 |      43 |   0.0 |  1483
          D:12 |       0 |   10079 |   0.0 |       0 |      33 |   0.0 |  1213
          D:13 |       0 |   11907 |   0.0 |       0 |      36 |   0.0 |   850
          D:14 |       0 |   17474 |   0.0 |       0 |      45 |   0.0 |  1054
          D:15 |       0 |   11273 |   0.0 |       0 |      43 |   0.0 |   804
        Lair:1 |       0 |    4531 |   0.0 |       0 |      21 |   0.0 |  1303
        Lair:2 |       0 |    2839 |   0.0 |       0 |      11 |   0.0 |   980
        Lair:3 |       0 |   10070 |   0.0 |       0 |      27 |   0.0 |  1090
        Lair:4 |       0 |    5850 |   0.0 |       0 |      19 |   0.0 |  1068
        Lair:5 |       0 |    8434 |   0.0 |       0 |      33 |   0.0 |   877
        Lair:6 |       0 |   21331 |   0.0 |       0 |      67 |   0.0 |  2080
       Swamp:1 |       0 |    9116 |   0.0 |       0 |      20 |   0.0 |  1125
       Swamp:2 |       0 |   12181 |   0.0 |       0 |      28 |   0.0 |   890
       Swamp:3 |       0 |   19977 |   0.0 |       0 |      45 |   0.0 |  1185
       Swamp:4 |       0 |   32830 |   0.0 |       0 |      78 |   0.0 |  1150
      Spider:1 |       0 |   24152 |   0.0 |       0 |      67 |   0.0 |   709
      Spider:2 |       0 |   13975 |   0.0 |       0 |      44 |   0.0 |   688
      Spider:3 |       0 |   20538 |   0.0 |       0 |      52 |   0.0 |   627
      Spider:4 |       0 |   48560 |   0.0 |       0 |     100 |   0.0 |  1258
         Orc:1 |       0 |    2247 |   0.0 |       0 |      12 |   0.0 |   529
         Orc:2 |       0 |   11733 |   0.0 |       0 |      86 |   0.0 |  1021
         Elf:1 |       0 |   35179 |   0.0 |       0 |      59 |   0.0 |   915
         Elf:2 |       0 |   10941 |   0.0 |       0 |      20 |   0.0 |   730
         Elf:3 |       0 |   56091 |   0.0 |       0 |      62 |   0.0 |  1459
      Vaults:1 |       0 |   51477 |   0.0 |       0 |      87 |   0.0 |  1415
      Vaults:2 |       0 |   55163 |   0.0 |       0 |      71 |   0.0 |  1091
      Vaults:3 |       0 |   39370 |   0.0 |       0 |      66 |   0.0 |  1173
      Vaults:4 |       0 |   37562 |   0.0 |       0 |      66 |   0.0 |  1237
      Vaults:5 |       0 |  183241 |   0.0 |       0 |     157 |   0.0 |  2009
      Depths:1 |       0 |   23884 |   0.0 |       0 |      37 |   0.0 |  1029
      Depths:2 |       0 |   51864 |   0.0 |       0 |      56 |   0.0 |  1003
      Depths:3 |       0 |   70336 |   0.0 |       0 |      81 |   0.0 |  1047
      Depths:4 |       0 |   43810 |   0.0 |       0 |      35 |   0.0 |   959
      Depths:5 |       0 |   58946 |   0.0 |       0 |      51 |   0.0 |   887
          Hell |       0 |   12759 |   0.0 |       0 |      13 |   0.0 |    55
         Zot:1 |       0 |   28336 |   0.0 |       0 |      15 |   0.0 |   619
         Zot:2 |       0 |   81452 |   0.0 |       0 |      50 |   0.0 |  1166
         Zot:3 |       0 |   51142 |   0.0 |       0 |      26 |   0.0 |  1071
         Zot:4 |       0 |   65662 |   0.0 |       0 |      37 |   0.0 |  1096
         Zot:5 |       0 |  158350 |   0.0 |       0 |      53 |   0.0 |   886
         Sewer |       0 |     369 |   0.0 |       0 |      23 |   0.0 |   387
         IceCv |       0 |   13965 |   0.0 |       0 |      50 |   0.0 |   908
               +---------+---------+-------+---------+---------+-------+---------
